Unix NetHack Version 5.0.0-0 post-release - last build May 31 2026 23:59:36 (970b52f25bf058293b47ddfd14a1e40e571c508c,branch:main).

Game began 2026-06-03 00:10:28, ended 2026-06-03 00:31:10.

Eisengrim, chaotic male elven Wizard

                               ----    ----                        ---
                                ...     ...|                       ..--
                                  ... -.-...                   ----...|
                                   -......... -                -.....
                                    -..........-                ....-
                                      .*........           -----....|
                                         ........          |..|.....--
                                          -........--     --.........|
                                           -.........--   |..........|
                                            -..........-- --.).f.....--
                                              -..........--|....@.....--
                                               -.........<--.....).....-
                                               -.........)).)---..G--......
                                  .......................----- -----   ...--
                                     --.    --...........                .-
                                           ..............
                                      -...........--....
                                     |.........--- |....
                                     -- --- ---    --.--
                                                    --

Eisengrim the Thaumaturge  St:12 Dx:16 Co:13 In:19 Wi:8 Ch:8  Chaotic
Dlvl:6  $:103 HP:0(25) Pw:50(71) AC:8  Xp:6 T:2064 

Latest messages:
 In what direction?
 The spell misses the rock mole.
 The rock mole eats 2 knives!
 The rock mole picks up 8 gold pieces.
 In what direction?
 The spell hits the rock mole!
 The rock mole resists!
 You kill the rock mole!
 There are many objects here.
 $ - 39 gold pieces (103 in total).
 V - a maple wand.
 Your large cat eats a Mordor orc corpse.
 You already found a monster.  Use 'm' prefix to force another search.
 You hit the grid bug.
 You kill the grid bug!
 You descend the stairs.
 You hear rumbling in the distance.
 The gnome lord wields a crossbow!
 The gnome lord shoots 2 crossbow bolts!
 The 1st crossbow bolt misses the large cat.
 You are hit by the 1st crossbow bolt.
 The 2nd crossbow bolt hits the large cat.
 The gnome lord shoots 3 crossbow bolts!
 The 1st crossbow bolt hits the large cat.
 The 2nd crossbow bolt hits the large cat!
 The 3rd crossbow bolt misses the large cat.
 You are almost hit by the 3rd crossbow bolt.
 You hear some noises.
 You hear some noises in the distance.
 The gnome wields a crossbow!
 You kill the gnome!
 You hear some noises.
 You hear some noises in the distance.
 You hear some noises.
 The gnome shoots 2 crossbow bolts!
 You are hit by the 1st crossbow bolt!
 The 2nd crossbow bolt misses you.
 The gnome shoots 2 crossbow bolts!
 You are hit by the 1st crossbow bolt.
 You are hit by the 2nd crossbow bolt!
 The gnome shoots 2 crossbow bolts!
 You are hit by the 1st crossbow bolt!
 Wizard is about to die.
 You are hit by the 2nd crossbow bolt.
 You die...
 Do you want your possessions identified? [ynq] (y)
 Do you want to see your attributes? [ynq] (y)
 Do you want an account of creatures vanquished? [ynaq] (y)
 Do you want to see your conduct and achievements? [ynq] (y)
 Do you want to see the dungeon overview? [ynq] (y)

Inventory:
 Coins    ('$')
  $ - 103 gold pieces
 Weapons  (')')
  F - the +0 Sting (weapon in right hand)
  a - a blessed +1 quarterstaff
 Armor    ('[')
  Q - an uncursed +0 elven leather helm (being worn)
  b - an uncursed +0 cloak of magic resistance (being worn)
  L - a blessed +3 dwarvish cloak
  G - an uncursed +0 dwarvish cloak
  J - an uncursed +0 dwarvish cloak
 Comestibles  ('%')
  v - 2 uncursed carrots
  C - an uncursed cram ration
  P - an uncursed food ration
  s - an uncursed tin of pickled jackal meat
  w - an uncursed lichen corpse
 Scrolls  ('?')
  u - 2 uncursed scrolls of enchant weapon
  t - an uncursed scroll of fire
  i - an uncursed scroll of light
  k - an uncursed scroll of magic mapping
  N - an uncursed scroll of scare monster
  j - an uncursed scroll of teleportation
 Spellbooks  ('+')
  A - an uncursed spellbook of confuse monster
  l - a blessed spellbook of force bolt
  m - an uncursed spellbook of light
 Potions  ('!')
  D - an uncursed potion of blindness
  f - an uncursed potion of confusion
  h - an uncursed potion of extra healing
  y - an uncursed potion of gain ability
  B - 2 uncursed potions of healing
  g - an uncursed potion of monster detection
  E - an uncursed potion of water
 Rings    ('=')
  R - an uncursed ring of polymorph control
  e - an uncursed ring of searching
  d - an uncursed ring of see invisible
  S - an uncursed ring of slow digestion
 Wands    ('/')
  T - a cursed wand of make invisible (0:0)
  V - a wand of opening (0:6)
  c - a blessed wand of striking (0:2)
 Tools    ('(')
  o - an uncursed tooled horn
  n - a magic marker (0:20)
  U - an uncursed tin whistle
  q - a cursed tin whistle
 Gems/Stones  ('*')
  O - an uncursed amber stone
  r - a cursed amethyst stone
  H - an uncursed worthless piece of black glass
  I - 2 uncursed worthless pieces of green glass
  p - an uncursed worthless piece of red glass
  K - an uncursed worthless piece of white glass
  x - an uncursed worthless piece of yellow glass
  M - an uncursed worthless piece of yellowish brown glass

Eisengrim the Wizard's attributes:

Background:
 You were a Thaumaturge, a level 6 male elven Wizard.
 You were chaotic, nominally on a mission for Anhur
 who was opposed by Ptah (lawful) and Thoth (neutral).
 You were right-handed.
 You were in the Gnomish Mines, on level 6.
 You entered the dungeon 2064 turns ago.
 It was the midnight hour.
 You had 424 experience points, 216 more were needed to attain level 7.

Basics:
 You had 0 out of 25 hit points.
 You had 50 out of 71 energy points (spell power).
 Your armor class was 8.
 Your wallet contained 103 zorkmids.
 Autopickup was off.

Final Characteristics:
 Your strength was 12 (limit:18).
 Your dexterity was 16 (limit:18).
 Your constitution was 13 (limit:16).
 Your intelligence was 19 (limit:20).
 Your wisdom was 8 (limit:20).
 Your charisma was 8 (limit:18).

Final Status:
 You weren't hungry.
 You were unencumbered.
 You were wielding a dagger.
 You had basic skill with dagger.

Final Attributes:
 You were piously aligned.
 You were magic-protected.
 You were sleep resistant.
 You were aware of the presence of orcs.
 You had infravision.
 You were warded.
 You are dead.

Miscellaneous:
 You didn't encounter any bones levels.
 Total elapsed playing time was 20 minutes and 39 seconds.

Major events:
 Turn
    1: Eisengrim the chaotic male elven Wizard entered the dungeon
  734: became literate by naming Sting
  930: attained the rank of Conjurer (level 3)
 1050: entered the Gnomish Mines
 1901: attained the rank of Thaumaturge (level 6)
 2064: killed by a crossbow bolt

Spells:
 Name                 Level Category     Fail Retention
 force bolt             1   attack         0%   81%-90%
 light                  1   divination     0%  76%-100%

Skills:
 Fighting Skills
   bare handed combat [Unskilled]
   riding             [Unskilled]
 Weapon Skills
   dagger             [Basic]
   knife              [Unskilled]
   axe                [Unskilled]
   short sword        [Unskilled]
   club               [Unskilled]
   mace               [Unskilled]
   quarterstaff       [Basic]
   polearms           [Unskilled]
   spear              [Unskilled]
   trident            [Unskilled]
   sling              [Unskilled]
   dart               [Unskilled]
   shuriken           [Unskilled]
 Spellcasting Skills
   attack spells      [Basic]
   healing spells     [Unskilled]
   divination spells  [Unskilled]
   enchantment spells [Basic]
   clerical spells    [Unskilled]
   escape spells      [Unskilled]
   matter spells      [Unskilled]

Voluntary challenges:
 Character rerolling was not enabled.
 You were an atheist.
 You never genocided any monsters.
 You never polymorphed an object.
 You never changed form.
 You used no wishes.
Achievements:
 You entered a shop.
 You attained the rank of Conjurer.
 You entered the Gnomish Mines.
 You attained the rank of Thaumaturge.

 The Dungeons of Doom: levels 1 to 3
    Level 1:
       A sink.
    Level 2:
       A general store.
    Level 3:
       A general store.
       Stairs down to The Gnomish Mines.
 The Gnomish Mines: levels 4 to 6
    Level 4:
    Level 5:
    Level 6: <- You were here.
       Final resting place for
          you, killed by a crossbow bolt.


Vanquished creatures:
  9 Mordor orcs
  a rock mole
  a yellow light
  2 shriekers
  3 gnome leaders
  a gray ooze
  a kitten
  5 dwarves
  a homunculus
  6 hill orcs
 an iguana
 19 gnomes
  a gecko
 10 jackals
  3 foxes
  2 kobolds
  2 goblins
  9 grid bugs
  4 lichens
  3 newts
84 creatures vanquished.

No species were genocided or became extinct.

Game over:
                       ----------
                      /          \
                     /    REST    \
                    /      IN      \
                   /     PEACE      \
                  /                  \
                  |    Eisengrim     |
                  |      103 Au      |
                  |   killed by a    |
                  |  crossbow bolt   |
                  |                  |
                  |                  |
                  |       2026       |
                 *|     *  *  *      | *
        _________)/\\_//(\/(/\)/\//\/|_)_______

Goodbye Eisengrim the Wizard...

You died in The Gnomish Mines on dungeon level 6 with 2039 points,
and 103 pieces of gold, after 2064 moves.
You were level 6 with a maximum of 25 hit points when you died.

